 Dungeon Crawl Stone Soup version 0.31-a0-1066-g35875b34c7 (webtiles) character file.

Game seed: 11459338408372209461

9881 Gumption the Thaumaturge (level 11, -5/66 HPs)
             Began as a Deep Elf Conjurer on Nov 22, 2023.
             Was a Believer of Vehumet.
             Killed from afar by a manticore (21 damage)
             ... with a volley of spikes
             ... on level 11 of the Dungeon.
             The game lasted 02:25:21 (13729 turns).

Gumption the Thaumaturge (Deep Elf Conjurer)       Turns: 13729, Time: 02:25:21

Health: -5/66      AC: 12    Str:  4    XL:     11   Next: 28%
Magic:  13/28      EV: 15    Int: 28    God:    Vehumet [**....]
Gold:   351        SH:  0    Dex: 13    Spells: 13/33 levels left

rFire   + . .        a - +2 dagger (venom)
rCold   . . .        (no shield)
rNeg    . . .        o - +0 leather armour
rPois   .            i - +1 helmet
rElec   .            r - +2 cloak {Will+}
rCorr   .            (no gloves)
SInv    .            (no boots)
Will    ++...        (no amulet)
Stlth   ++           A - +4 ring of protection
HPRegen 0.31/turn    u - ring of protection from fire
MPRegen 0.21/turn

%: no passive effects
@: spiked
A: no striking features
a: Renounce Religion


You were on level 11 of the Dungeon.
You worshipped Vehumet.
Vehumet was pleased with you.
You visited 2 branches of the dungeon, and saw 12 of its levels.

You collected 810 gold pieces.
You spent 459 gold pieces at shops.

Inventory:

Hand Weapons
 a - a +2 dagger of venom (weapon)
 b - a +0 dagger of electrocution
Missiles
 F - 2 throwing nets
 H - 10 poisoned darts
 N - 4 curare-tipped darts
Armour
 i - a +1 helmet (worn)
 o - a +0 leather armour (worn)
 r - a +2 cloak of willpower (worn)
Magical Staves
 v - a staff of earth
Jewellery
 f - a ring of flight
 j - an amulet of faith
 u - a ring of protection from fire (right hand)
 A - a +4 ring of protection (left hand)
 O - a +6 ring of dexterity
Wands
 y - a wand of paralysis (8)
 G - a wand of roots (6)
 M - a wand of flame (15)
Scrolls
 e - a scroll of fear
 h - 2 scrolls of enchant armour
 k - a scroll of enchant weapon {unknown}
 n - a scroll of teleportation
 p - a scroll of torment {unknown}
 s - a scroll of blinking
 w - a scroll of immolation
 x - a scroll of acquirement {unknown}
 D - a scroll of vulnerability
 I - a scroll of amnesia
 L - a scroll of noise {unknown}
 P - a scroll of fog
 Q - a scroll of silence {unknown}
Potions
 c - 3 potions of attraction
 d - a potion of brilliance
 g - a potion of might
 l - 2 potions of mutation
 m - 2 potions of berserk rage
 q - a potion of invisibility
 t - 6 potions of curing
 B - a potion of lignification {unknown}
 C - 4 potions of heal wounds {unknown}
 E - a potion of cancellation {unknown}
 J - a potion of resistance {unknown}
 K - a potion of haste


   Skills:
 + Level 6.5 Fighting
 + Level 10.1 Dodging
 - Level 2.4 Stealth
 + Level 11.6 Spellcasting
 + Level 9.1 Conjurations
 - Level 3.0 Translocations
 - Level 4.0 Transmutations
 + Level 1.1 Fire Magic
 + Level 3.4 Air Magic
 - Level 4.0 Earth Magic
 + Level 2.6 Evocations


You had 13 spell levels left.
You knew the following spells:

 Your Spells              Type           Power      Damage    Failure   Level
a - Magic Dart            Conj           100%       1d8       1%          1
b - Searing Ray           Conj           100%       2d8       1%          2
c - Iskenderun's Mystic   Conj/Tloc      50%        2d11      4%          4
d - Petrify               Tmut/Erth      38%        N/A       12%         4
e - Swiftness             Air            35%        N/A       4%          3
f - Fulminant Prism       Conj/Hex       20%        3d12      10%         4
g - Scorch                Fire           44%        2d6       6%          2

Your spell library contained the following spells:

 Spells                   Type           Power      Damage    Failure   Level
 Shock                    Conj/Air       100%       1d9       1%          1
 Dazzling Flash           Conj/Hex       82%        N/A       2%          3
 Volatile Blastmotes      Fire/Tloc      54%        2d14      8%          3
 Airstrike                Air            17%        2d(3-19)  16%         4
 Frozen Ramparts          Ice            32%        1d5       19%         3
 Passage of Golubria      Tloc           33%        N/A       19%         4
 Silence                  Hex/Air        12%        N/A       63%         5
 Agony                    Necr           16%        N/A       86%         5
 Metabolic Englaciation   Hex/Ice        8%         N/A       86%         5
 Lehudib's Crystal Spear  Conj/Erth      26%        10d7      100%        8


Dungeon Overview and Level Annotations

Branches:
Dungeon (11/15)            Temple (1/1) D:4             Orc (0/2) D:10
   Lair: D:8-11

Altars:
Ashenzari
Cheibriados
Dithmenos
Elyvilon
Fedhas
Gozag
Kikubaaqudgha
Makhleb
Nemelex Xobeh
Qazlal
Ru
Trog
Uskayaw
Vehumet
Wu Jian
Xom
Yredelemnul
Zin

Shops:
D:8 **(!(   D:10 *

Annotations:
D:6 Jeremiah
D:9 1 runed translucent door, 4 transporters, Drangen's ghost, journeyman SpHu
D:11 Erica; Josephine


Message History

The searing ray hits the manticore!
The manticore is moderately wounded. (Press . to maintain the ray.)
The manticore flicks its tail.
The volley of spikes hits you!
The barbed spikes become lodged in your body.
* * * LOW HITPOINT WARNING * * *
The searing ray hits the manticore.
The manticore is heavily wounded.
The searing ray hits the manticore!
The manticore is severely wounded.
The manticore flicks its tail.
The volley of spikes hits you!
The barbed spikes become lodged in your body.
* * * LOW HITPOINT WARNING * * *
The searing ray hits the manticore.
The manticore is severely wounded.
You finish channelling your searing ray.
The manticore flicks its tail.
The volley of spikes misses you.
Casting: Searing Ray (safe; 1% risk of failure)
Confirm with . or Enter, or press ? or * to list all spells.
Aiming: Searing Ray (safe; 1% risk of failure)
Press: ? - help, Shift-Dir - straight line, f/p - manticore
Aim: a manticore (severely wounded, 90% to hit)
The searing ray hits the manticore!
The manticore is almost dead. (Press . to maintain the ray.)
The manticore flicks its tail.
The volley of spikes misses you.
The searing ray hits the manticore.
The manticore is almost dead.
A troll comes into view.
The searing ray hits the manticore.
The manticore is almost dead.
The troll shouts!
You hear a shout!
The manticore flicks its tail.
The volley of spikes hits you!!
The barbed spikes become lodged in your body.
You die...

....... #.......#
........# #..$.....
......... .
#........
....########H.......
!.........@........>
....T#######.###...
... #..# . ##.####.#
######.......#
#..........### .
#..........#
#...####..........#
#.h.††..##########


You could see a manticore and a troll.

Vanquished Creatures
  A two-headed ogre (D:10)
  Sonja (D:10)
  2 ugly things (D:9)
  A manticore (D:9)
  An elephant (D:11)
  A kobold demonologist (D:9)
  Psyche (D:8)
  2 trolls
  5 wyverns
  A wraith (D:11)
  Sigmund (D:2)
  3 yaks (D:11)
  A basilisk (D:11)
  A steam dragon (D:8)
  4 water moccasins
  Duvessa (D:5)
  An ice beast (D:7)
  2 orc warriors
  A sky beast (D:8)
  A black bear (D:7)
  3 ogres
  7 centaurs
  A phantom (D:5)
  Blork the orc (D:4)
  A kobold brigand (D:10)
  7 bullfrogs
  A gnoll sergeant (D:10)
  7 wights
  Dowan (D:5)
  4 killer bees (D:9)
  6 electric eels (D:10)
  3 howler monkeys (D:9)
  6 orc priests
  8 hounds
  3 jellies
  Crazy Yiuf (D:4)
  Jessica (D:3)
  7 iguanas
  8 orc wizards
  A centaur simulacrum (D:9)
  4 gnolls (D:10)
  5 adders
  A white imp (D:7)
  2 ufetubi (D:6)
  2 adder zombies (D:2)
  2 adder skeletons (D:2)
  2 worms (D:2)
  2 dart slugs
  20 orcs
  7 bats
  2 bat skeletons (D:2)
  2 bat zombies (D:2)
  5 endoplasms
  3 giant cockroaches
  8 hobgoblins
  6 jackals
  9 kobolds
  4 quokkas
  10 ball pythons
  3 ball python zombies (D:2)
  5 frilled lizards
  A giant cockroach zombie (D:2)
  8 goblins
  A quokka zombie (D:2)
  2 rats
225 creatures vanquished.

Vanquished Creatures (others)
  10 fulminant prisms
10 creatures vanquished.

Grand Total: 235 creatures vanquished

Notes
Turn   | Place    | Note
-------+----------+-------------------------------------------
     0 | D:1      | Gumption the Deep Elf Conjurer began the quest for the Orb.
     0 | D:1      | Reached XP level 1. HP: 10/10 MP: 6/6
   344 | D:1      | Reached XP level 2. HP: 15/15 MP: 5/8
   522 | D:1      | Learned a level 2 spell: Searing Ray
  1528 | D:2      | Reached XP level 3. HP: 19/19 MP: 8/10
  1567 | D:2      | Found a faded altar of an unknown god.
  1618 | D:2      | Noticed Sigmund
  1622 | D:2      | Killed Sigmund
  1623 | D:2      | Reached skill level 5 in Spellcasting
  1623 | D:2      | Reached skill level 5 in Conjurations
  1623 | D:2      | Reached XP level 4. HP: 24/24 MP: 5/13
  1623 | D:2      | Reached XP level 5. HP: 28/28 MP: 5/14
  1628 | D:2      | Learned a level 4 spell: Iskenderun's Mystic Blast
  2578 | D:2      | Found a burning altar of Makhleb.
  3026 | D:3      | Noticed Jessica
  3031 | D:3      | Killed Jessica
  3032 | D:3      | Reached XP level 6. HP: 33/33 MP: 10/16
  3208 | D:3      | Found a sparkling altar of Nemelex Xobeh.
  3677 | D:4      | Reached skill level 1 in Fighting
  3677 | D:4      | Reached skill level 1 in Translocations
  3834 | D:4      | Found a runed translucent door.
  3835 | D:4      | Noticed Crazy Yiuf
  3843 | D:4      | Killed Crazy Yiuf
  3844 | D:4      | Reached skill level 6 in Spellcasting
  4171 | D:4      | Found a staircase to the Ecumenical Temple.
  4180 | Temple   | Entered the Ecumenical Temple
  4271 | D:4      | Noticed Blork the orc
  4281 | D:4      | Killed Blork the orc
  4282 | D:4      | Reached XP level 7. HP: 35/38 MP: 4/18
  4435 | D:4      | Identified the +5 quarterstaff "Niger" {spect, rC++}
  4741 | D:5      | Entered Level 5 of the Dungeon
  4787 | D:5      | Noticed Duvessa
  4795 | D:5      | Killed Duvessa
  4796 | D:5      | Reached skill level 5 in Dodging
  4796 | D:5      | Noticed Dowan
  5346 | D:5      | Found a sacrificial altar of Ru.
  5420 | D:5      | Found a burning altar of Makhleb.
  5431 | D:5      | Reached skill level 7 in Spellcasting
  5431 | D:5      | Reached XP level 8. HP: 45/45 MP: 7/20
  5476 | D:5      | Killed Dowan
  5717 | D:5      | Identified the +6 chain mail "Cuijets" {Dex+4 Slay+5}
  6146 | D:6      | Found a radiant altar of Vehumet.
  6148 | D:6      | Found a hide-covered altar of Uskayaw.
  6299 | D:7      | Found a broken altar of Ashenzari.
  6365 | D:7      | Reached skill level 8 in Spellcasting
  6594 | D:6      | Became a worshipper of Vehumet
  6828 | D:6      | Reached XP level 9. HP: 52/52 MP: 12/23
  6932 | D:6      | Noticed Jeremiah
  7832 | D:7      | Learned a level 4 spell: Petrify
  8008 | D:7      | Found a glowing silver altar of Zin.
  8097 | D:7      | Reached skill level 9 in Spellcasting
  8453 | D:8      | Noticed Psyche
  8466 | D:8      | Killed Psyche
  8625 | D:8      | Reached skill level 5 in Fighting
  8753 | D:8      | Found Zoytwipt's General Store.
  8793 | D:8      | Found Xokym's General Store.
  8843 | D:8      | Bought a throwing net for 36 gold pieces
  8880 | D:8      | You fall into a shaft and drop 2 floors!
  8880 | D:10     | Entered Level 10 of the Dungeon
  8991 | D:9      | Found a shadowy altar of Dithmenos.
  9025 | D:9      | Noticed a white ugly thing
  9237 | D:8      | Found Panaq's Weapon Shop.
  9282 | D:8      | Found Pihehynu's Weapon Shop.
  9300 | D:8      | Reached skill level 1 in Transmutations
  9308 | D:8      | Reached skill level 1 in Earth Magic
  9389 | D:8      | Found Uhushruwk's Distillery.
  9392 | D:8      | Bought a potion of curing for 36 gold pieces
  9392 | D:8      | Bought a potion of curing for 36 gold pieces
  9471 | D:8      | Bought a potion of haste for 150 gold pieces
  9471 | D:8      | Bought a potion of curing for 45 gold pieces
  9479 | D:9      | Noticed Drangen's ghost (journeyman SpHu)
  9479 | D:9      | Noticed a gargoyle
  9479 | D:9      | Found a runed translucent door.
  9493 | D:9      | Noticed a kobold demonologist
  9512 | D:9      | Reached skill level 10 in Spellcasting
  9581 | D:9      | Found a transporter.
  9587 | D:9      | Found a transporter.
  9587 | D:9      | Found a transporter.
  9640 | D:9      | Found a transporter.
  9782 | D:9      | Found an ornate altar of the Wu Jian Council.
  9789 | D:9      | Reached XP level 10. HP: 54/59 MP: 15/26
  9967 | D:9      | Reached * piety under Vehumet
  9967 | D:9      | Offered knowledge of Freeze by Vehumet.
 10026 | D:9      | Noticed a red ugly thing
 10042 | D:9      | Killed a red ugly thing
 10045 | D:9      | Killed a purple ugly thing
 10163 | D:9      | Learned a level 3 spell: Swiftness
 10168 | D:9      | Learned a level 4 spell: Fulminant Prism
 10209 | D:9      | Found an opulent altar of Gozag.
 10874 | D:9      | Noticed a manticore
 10884 | D:9      | Killed a manticore
 11415 | D:10     | Noticed Sonja
 11422 | D:10     | Killed Sonja
 11423 | D:10     | Reached skill level 11 in Spellcasting
 11649 | D:10     | Found a staircase to the Orcish Mines.
 11682 | D:10     | Noticed a two-headed ogre
 11906 | D:10     | Reached skill level 1 in Evocations
 12119 | D:10     | Found Plog's Assorted Antiques.
 12159 | D:10     | Bought a scroll labelled ETIOXAI AMMO for 26 gold pieces
 12159 | D:10     | Bought a scroll labelled KYULUK MUTHRIXT for 26 gold pieces
 12159 | D:10     | Bought a scroll labelled KINGEG HISE for 26 gold pieces
 12159 | D:10     | Bought a scroll labelled URAS DEYPPOOFI for 26 gold pieces
 12159 | D:10     | Bought a scroll labelled QEDWILOTSE for 26 gold pieces
 12159 | D:10     | Bought a scroll labelled ETIOXAI AMMO for 26 gold pieces
 12174 | D:10     | Reached XP level 11. HP: 64/64 MP: 17/28
 12734 | D:10     | Killed a two-headed ogre
 13054 | D:10     | Reached skill level 10 in Dodging
 13405 | D:11     | Noticed Josephine
 13408 | D:11     | Noticed Erica
 13409 | D:11     | Reached ** piety under Vehumet
 13412 | D:11     | Offered knowledge of Scorch by Vehumet.
 13547 | D:10     | Learned a level 2 spell: Scorch
 13588 | D:11     | Reached skill level 1 in Fire Magic
 13729 | D:11     | Killed from afar by a manticore

Illustrated notes

Levels and vault maps discovered:
D:1:      ebering_trefoil_3fold, layout_basic, nicolae_eternal_life,
          st_stairs_2, chequers_serial_rivers_micro_b, due_unseen_surprise
D:2:      layout_rooms, ebering_ecumenical_altar_rust, serial_undead,
          serial_undead_d, serial_undead_c, serial_undead_a, serial_undead_e,
          serial_undead_d, serial_undead_a, serial_undead_a, serial_undead_b,
          serial_undead_d, serial_undead_d, basic_altar, minivault_14,
          minmay_misc_feat_x, uniq_sigmund
D:3:      layout_basic, overflow_temple_1_default, kennysheep_generic_room_10,
          uniq_jessica
D:4:      cheibrodos_quashed, layout_basic,
          minmay_temple_entry_statues_fountains, uniq_crazy_yiuf_cottage,
          uniq_blork_the_orc
D:5:      layout_basic, mainiacjoe_overflow_paths,
          nicolae_ru_great_annihilating_truth, uniq_duvessa
D:6:      layout_loops_ring, nicolae_overflow_hidden_temple,
          minmay_fountain_box, minivault_10, uniq_jeremiah
D:7:      layout_layer_cave, zin_treasury, evilmike_ruin_ashenzari
D:8:      layout_cave_pools, chequers_temple_overflow_minitemple, serial_shops,
          shop, nicolae_shop_real_fake_doors, shop,
          nicolae_shop_bloodbath_and_beyond, shop, uniq_psyche
D:9:      minmay_bloctagon_deflated, layout_grid_maze, marbit_many_paths,
          nicolae_dithmenos_through_a_glass_darkly, grunt_gozag_breadcrumbs,
          ebering_ghost_inner_flame, nicolae_transporter_circle
D:10:     layout_basic, serial_shops, shop, uniq_sonja
D:11:     minmay_octagon_keep, layout_rooms, david_lair_generic, uniq_fannar,
          uniq_josephine, uniq_erica
Temple:   hellmonk_temple_rainy

Skill      XL: |  1  2  3  4  5  6  7  8  9 10 11 |
---------------+----------------------------------+-----
Dodging        | 3 4 5 7 8 9 10 | 10.1
Spellcasting   | 5 6 7 8 10 11 | 11.6
Conjurations   | 5 6 7 8 9 |  9.1
Fighting       | 1 2 3 5 6 |  6.5
Translocations | 2 3 |  3.0
Transmutations | 1 4 |  4.0
Earth Magic    | 1 4 |  4.0
Air Magic      | 2 3 |  3.4
Evocations     | 1 2 |  2.6
Fire Magic     | 1 |  1.1
Stealth        | |  2.4

Action                     |  1- 3 |  4- 6 |  7- 9 | 10-12 || total
---------------------------+-------+-------+-------+-------++-------
  Melee: Dagger            |     3 |     9 |     5 |     1 ||    18
   Cast: Magic Dart        |    31 |    81 |    82 |    78 ||   272
         Searing Ray       |     2 |    22 |    71 |    47 ||   142
         Iskenderun's Myst |       |       |     7 |    22 ||    29
         Fulminant Prism   |       |       |       |    10 ||    10
         Swiftness         |       |       |       |     2 ||     2
    Use: Scroll            |       |     6 |     7 |     6 ||    19
         Potion            |       |       |       |     1 ||     1
   Stab: Sleeping          |     2 |       |     2 |       ||     4
         Paralysed         |       |       |     1 |       ||     1
 Armour: Robe              |    24 |    11 |       |       ||    35
         Leather armour    |       |    11 |    62 |    80 ||   153
  Dodge: Dodged            |    22 |    21 |    48 |    61 ||   152

Table legend: (Time is in decaauts)
 A = Elapsed time spent in this place.
 B = Non-inter-level travel time spent in this place.
 C = Inter-level travel time spent in this place.
 D = Time resting spent in this place.
 E = Time spent auto-exploring this place.
 F = Levels seen in this place.
 G = Mean time per level.
                   A        B        C        D        E       F      G
               +--------+--------+--------+--------+--------+-----+--------+
         Total |  13739 |  13443 |    296 |   5182 |   1227 |  12 | 1144.9 |
       Dungeon |  13709 |  13413 |    296 |   5182 |   1227 |  11 | 1246.3 |
        Temple |     29 |     29 |      0 |      0 |      0 |   1 |   29.0 |
               +--------+--------+--------+--------+--------+-----+--------+

Top non-repeatable levels by time:
    D:10: 2264 daAuts
     D:9: 2063 daAuts
     D:1: 1504 daAuts
     D:6: 1475 daAuts
     D:7: 1298 daAuts
     D:2: 1268 daAuts
     D:4: 1132 daAuts
     D:5: 1066 daAuts
     D:3: 918 daAuts
     D:8: 625 daAuts
    D:11: 92 daAuts
  Temple: 29 daAuts
